[ AOE2 MATCH · #472325858 ]
UnrankedItalians vs Dravidians
[ REPLAY ANALYSIS · EXTRACTED FROM THE RECORDED GAME ]
Feudal
11:12
Castle
20:28
Imperial
39:17
| APM avg | 21.1 |
| APM peak | 43 |
| eAPM avg | 15.3 |
| Villagers / military | 303 / 250 |
Focus
⚔️ 27.6% · 🌾 72.4%
Genoese Crossbowman ×112 · Skirmisher ×68 · Unknown (2626) ×27 · Archer ×22 · Fishing Ship ×15 · Demolition Raft ×14
Feudal
11:52
Castle
18:28
Imperial
39:26
| APM avg | 31.7 |
| APM peak | 67 |
| eAPM avg | 21.7 |
| Villagers / military | 143 / 670 |
Focus
⚔️ 58.2% · 🌾 41.8%
Spearman ×337 · Skirmisher ×187 · Elephant Archer ×105 · Armored Elephant ×26 · Fishing Ship ×17 · Archer ×11
Feudal
12:32
Castle
18:24
Imperial
36:19
| APM avg | 18.7 |
| APM peak | 39 |
| eAPM avg | 9.5 |
| Villagers / military | 116 / 300 |
Focus
⚔️ 31.6% · 🌾 68.4%
Knight ×165 · Skirmisher ×88 · Conquistador ×30 · Fishing Ship ×13 · Scout Cavalry ×11 · Monk ×4
Feudal
12:01
Castle
22:23
Imperial
32:25
| APM avg | 36.1 |
| APM peak | 122 |
| eAPM avg | 25.6 |
| Villagers / military | 84 / 1039 |
Focus
⚔️ 64.8% · 🌾 35.2%
Militia ×599 · Spearman ×382 · Fishing Ship ×80 · Trade Cog ×38 · Galley ×16 · Unknown (2626) ×14
Feudal
12:06
Castle
23:56
Imperial
43:02
| APM avg | 50.1 |
| APM peak | 102 |
| eAPM avg | 22.5 |
| Villagers / military | 198 / 198 |
Focus
⚔️ 21.9% · 🌾 78.1%
Skirmisher ×75 · Eagle Scout ×67 · Trade Cart ×57 · Plumed Archer ×24 · Archer ×23 · Monk ×8
Feudal
12:05
Castle
16:16
Imperial
30:20
| APM avg | 24.1 |
| APM peak | 45 |
| eAPM avg | 12.0 |
| Villagers / military | 225 / 214 |
Focus
⚔️ 33.2% · 🌾 66.8%
War Wagon ×183 · Fishing Ship ×33 · Iron Pagoda ×16 · Trebuchet (Packed) ×13 · Monk ×1 · Bombard Cannon ×1
Match map
Initial resources + every placement click. Lines = walls · curves = elevation contours. ◆ gold · ⬟ stone · ● berries · ✦ relic · ◌ wall gap
Your base
Perel's base
stupidspanky's base
Hatsune_the_Triangle's base
SP's base
2024eles's base
Smoothed initial terrain · ◌ = detected wall gap · hover for details
Inputs per minute
— Wilko - - Perel
Build order — Wilko
First 150 of 780 actions detected
| 1:13 | Build | Dock |
| 2:00 | Build | Town Center |
| 2:28 | Create | Fishing Ship |
| 2:29 | Create | Fishing Ship |
| 2:29 | Create | Fishing Ship |
| 2:46 | Build | House |
| 3:08 | Create | Villager (Male) |
| 3:08 | Create | Villager (Male) |
| 3:08 | Create | Villager (Male) |
| 3:09 | Create | Villager (Male) |
| 3:09 | Create | Villager (Male) |
| 3:59 | Create | Villager (Male) |
| 4:00 | Create | Villager (Male) |
| 4:00 | Create | Villager (Male) |
| 4:06 | Build | House |
| 4:21 | Create | Fishing Ship |
| 4:44 | Build | House |
| 4:52 | Create | Villager (Male) |
| 4:52 | Create | Villager (Male) |
| 5:02 | Create | Fishing Ship |
| 5:11 | Build | House |
| 5:13 | Create | Villager (Male) |
| 5:38 | Create | Fishing Ship |
| 5:54 | Create | Villager (Male) |
| 6:05 | Build | Mill |
| 6:11 | Create | Fishing Ship |
| 6:30 | Create | Fishing Ship |
| 6:51 | Create | Villager (Male) |
| 6:51 | Create | Villager (Male) |
| 7:04 | Build | Dock |
| 7:13 | Create | Villager (Male) |
| 7:58 | Build | House |
| 8:09 | Create | Fishing Ship |
| 8:12 | Create | Fishing Ship |
| 8:12 | Create | Fishing Ship |
| 8:12 | Create | Fishing Ship |
| 8:17 | Build | House |
| 8:22 | Create | Villager (Male) |
| 8:26 | Research | Loom |
| 8:45 | Build | House |
| 9:02 | Research | Feudal Age |
| 9:18 | Create | Fishing Ship |
| 9:19 | Create | Fishing Ship |
| 9:31 | Build | House |
| 9:33 | Build | House |
| 9:34 | Build | House |
| 9:46 | Build | Lumber Camp |
| 10:10 | Create | Fishing Ship |
| 11:08 | Build | Dock |
| 11:12 | Create | Villager (Male) |
| 11:12 | Age | Feudal Age |
| 11:14 | Create | Villager (Male) |
| 11:19 | Create | Unit 2626 |
| 11:19 | Create | Unit 2626 |
| 11:34 | Create | Villager (Male) |
| 11:38 | Research | Double-Bit Axe |
| 11:50 | Create | Unit 2626 |
| 12:19 | Create | Fire Galley |
| 12:44 | Create | Unit 2626 |
| 12:57 | Create | Fire Galley |
| 13:13 | Create | Villager (Male) |
| 13:14 | Create | Villager (Male) |
| 13:15 | Research | Wheelbarrow |
| 13:15 | Create | Villager (Male) |
| 13:16 | Create | Villager (Male) |
| 13:16 | Create | Villager (Male) |
| 13:16 | Create | Villager (Male) |
| 13:42 | Create | Unit 2626 |
| 13:42 | Create | Unit 2626 |
| 13:44 | Create | Villager (Male) |
| 13:52 | Research | Horse Collar |
| 14:03 | Build | Mining Camp |
| 14:37 | Create | Villager (Male) |
| 14:45 | Build | Market |
| 14:46 | Build | House |
| 15:51 | Create | Unit 2626 |
| 15:53 | Create | Unit 2626 |
| 15:54 | Create | Unit 2626 |
| 15:55 | Create | Unit 2626 |
| 16:00 | Create | Villager (Male) |
| 16:03 | Build | House |
| 16:08 | Build | Blacksmith |
| 16:13 | Create | Villager (Male) |
| 16:14 | Research | Town Watch |
| 16:35 | Create | Fire Galley |
| 17:01 | Create | Fire Galley |
| 17:23 | Create | Villager (Male) |
| 17:28 | Build | House |
| 17:29 | Build | House |
| 17:36 | Research | Castle Age |
| 17:52 | Create | Villager (Male) |
| 18:05 | Create | Unit 2626 ×5 |
| 18:42 | Research | Gold Mining |
| 18:43 | Research | Stone Mining |
| 18:46 | Create | Villager (Male) |
| 19:02 | Create | Villager (Male) |
| 19:36 | Create | Unit 2626 |
| 19:42 | Create | Unit 2626 ×5 |
| 19:45 | Create | Villager (Male) |
| 19:47 | Create | Villager (Male) |
| 19:59 | Build | Dock |
| 20:28 | Age | Castle Age |
| 20:29 | Create | Fire Galley |
| 20:41 | Research | War Galley (upgrade) |
| 21:01 | Create | Demolition Raft |
| 21:03 | Create | Demolition Raft |
| 21:19 | Create | Unit 2626 ×2 |
| 21:22 | Research | Tech 906 |
| 21:26 | Create | Villager (Male) |
| 21:41 | Build | Town Center |
| 21:56 | Create | Demolition Raft |
| 22:11 | Research | Tech 905 |
| 22:52 | Build | Dock |
| 22:58 | Build | Dock |
| 22:59 | Create | Villager (Male) |
| 23:00 | Create | Villager (Male) |
| 23:00 | Research | Hand Cart |
| 23:01 | Create | Villager (Male) |
| 23:02 | Create | Villager (Male) |
| 23:02 | Create | Villager (Male) |
| 23:02 | Create | Villager (Male) |
| 23:03 | Create | Villager (Male) |
| 23:04 | Create | Villager (Male) |
| 23:04 | Create | Villager (Male) |
| 23:22 | Create | Demolition Raft ×4 |
| 23:32 | Create | Villager (Male) |
| 23:32 | Create | Villager (Male) |
| 23:33 | Create | Villager (Male) |
| 23:33 | Create | Villager (Male) |
| 23:33 | Create | Villager (Male) |
| 23:34 | Create | Villager (Male) |
| 23:49 | Build | Castle |
| 24:00 | Build | Lumber Camp |
| 24:27 | Create | Demolition Raft |
| 24:28 | Create | Demolition Raft |
| 24:31 | Create | Unit 2626 |
| 24:31 | Create | Unit 2626 |
| 24:38 | Create | Villager (Male) |
| 24:38 | Create | Villager (Male) |
| 24:38 | Create | Villager (Male) |
| 24:38 | Create | Villager (Male) |
| 24:39 | Create | Villager (Male) |
| 24:41 | Create | Villager (Male) |
| 24:41 | Create | Villager (Male) |
| 24:44 | Build | Farm |
| 24:45 | Build | Farm |
| 24:45 | Build | Farm |
| 24:45 | Build | Farm |
| 24:46 | Build | Farm |
| 24:46 | Build | Farm |
Build order — Perel
First 150 of 1100 actions detected
| 0:24 | Build | Dock |
| 1:00 | Build | House |
| 1:02 | Build | House |
| 1:06 | Create | Fishing Ship |
| 1:43 | Build | Town Center |
| 2:40 | Create | Villager (Male) |
| 2:40 | Create | Villager (Male) |
| 2:41 | Create | Villager (Male) |
| 2:41 | Create | Villager (Male) |
| 2:41 | Create | Villager (Male) |
| 3:28 | Create | Fishing Ship |
| 4:28 | Create | Villager (Male) |
| 4:29 | Create | Fishing Ship |
| 4:48 | Create | Villager (Male) |
| 5:00 | Build | Mill |
| 5:11 | Create | Villager (Male) |
| 5:11 | Create | Villager (Male) |
| 5:12 | Create | Villager (Male) |
| 5:12 | Create | Villager (Male) |
| 5:43 | Create | Fishing Ship |
| 5:44 | Create | Fishing Ship |
| 6:08 | Create | Fishing Ship |
| 6:30 | Build | House |
| 6:31 | Build | House |
| 7:01 | Create | Villager (Male) |
| 7:03 | Research | Loom |
| 7:04 | Create | Villager (Male) |
| 7:05 | Create | Villager (Male) |
| 7:05 | Create | Villager (Male) |
| 7:07 | Create | Villager (Male) |
| 7:31 | Build | House |
| 7:42 | Build | House |
| 7:44 | Build | House |
| 8:23 | Build | Mill |
| 8:31 | Create | Villager (Male) |
| 8:41 | Build | Palisade Wall |
| 8:48 | Create | Fishing Ship |
| 8:48 | Create | Fishing Ship |
| 9:10 | Build | Palisade Wall |
| 9:11 | Build | Palisade Wall |
| 9:12 | Build | Palisade Wall |
| 9:19 | Create | Villager (Male) |
| 9:21 | Build | Palisade Wall |
| 9:42 | Research | Feudal Age |
| 10:05 | Create | Fishing Ship |
| 10:13 | Build | Barracks |
| 10:20 | Build | Barracks |
| 10:24 | Build | Palisade Wall |
| 10:40 | Create | Fishing Ship |
| 10:46 | Build | House |
| 10:50 | Build | Dock |
| 10:52 | Build | House |
| 10:53 | Build | House |
| 11:06 | Build | Mining Camp |
| 11:19 | Create | Villager (Male) |
| 11:33 | Build | Mining Camp |
| 11:52 | Age | Feudal Age |
| 11:58 | Build | Archery Range |
| 12:09 | Create | Villager (Male) |
| 12:20 | Build | Watch Tower |
| 12:23 | Create | Villager (Male) |
| 12:23 | Create | Villager (Male) |
| 12:37 | Build | House |
| 12:38 | Build | Palisade Wall |
| 12:42 | Build | Palisade Wall |
| 12:52 | Create | Archer |
| 12:54 | Create | Archer |
| 13:45 | Create | Villager (Male) |
| 13:45 | Create | Villager (Male) |
| 14:29 | Create | Villager (Male) |
| 14:42 | Build | Lumber Camp |
| 14:45 | Create | Archer |
| 15:01 | Build | Blacksmith |
| 15:05 | Build | House |
| 15:23 | Create | Villager (Male) |
| 15:40 | Research | Castle Age |
| 16:05 | Research | Horse Collar |
| 16:13 | Research | Fletching |
| 16:14 | Create | Archer |
| 16:15 | Create | Archer |
| 16:37 | Build | Farm |
| 16:39 | Build | Farm |
| 16:45 | Create | Archer |
| 16:47 | Build | Farm |
| 16:50 | Build | Farm |
| 16:53 | Build | Farm |
| 16:55 | Build | Farm |
| 17:06 | Build | Archery Range |
| 17:31 | Create | Archer |
| 17:35 | Research | Double-Bit Axe |
| 17:37 | Research | Gold Mining |
| 17:40 | Build | Farm |
| 17:45 | Build | Farm |
| 17:52 | Create | Archer |
| 18:10 | Research | Padded Archer Armor |
| 18:28 | Age | Castle Age |
| 18:39 | Build | Mining Camp |
| 18:48 | Build | Building 796 |
| 18:51 | Create | Villager (Male) |
| 18:52 | Create | Villager (Male) |
| 18:55 | Research | Bodkin Arrow |
| 19:02 | Build | Market |
| 19:09 | Create | Villager (Male) |
| 19:14 | Create | Archer |
| 19:24 | Build | Stone Wall |
| 19:54 | Build | Mining Camp |
| 19:59 | Research | Crossbowman (upgrade) |
| 20:13 | Research | Bow Saw |
| 20:17 | Create | Villager (Male) |
| 20:17 | Create | Villager (Male) |
| 20:17 | Create | Villager (Male) |
| 20:18 | Create | Villager (Male) |
| 20:36 | Create | Villager (Male) |
| 20:37 | Create | Villager (Male) |
| 20:43 | Research | Heavy Plow |
| 21:08 | Create | Villager (Male) |
| 21:09 | Create | Villager (Male) |
| 21:15 | Research | Stone Mining |
| 21:36 | Build | University |
| 21:40 | Build | Town Center |
| 22:19 | Create | Archer |
| 22:38 | Create | Archer |
| 22:43 | Create | Elephant Archer |
| 22:43 | Create | Elephant Archer |
| 22:49 | Research | Ballistics |
| 22:51 | Research | Leather Archer Armor |
| 22:58 | Build | Farm |
| 23:03 | Build | House |
| 23:16 | Build | House |
| 23:39 | Create | Elephant Archer |
| 23:47 | Build | House |
| 23:51 | Build | House |
| 24:01 | Create | Elephant Archer |
| 24:18 | Create | Elephant Archer |
| 24:18 | Create | Elephant Archer |
| 24:33 | Create | Villager (Male) |
| 24:33 | Create | Villager (Male) |
| 24:33 | Create | Villager (Male) |
| 25:02 | Create | Elephant Archer |
| 25:12 | Create | Elephant Archer |
| 25:13 | Create | Elephant Archer |
| 25:35 | Build | Castle |
| 25:37 | Create | Villager (Male) |
| 25:37 | Create | Villager (Male) |
| 25:37 | Create | Villager (Male) |
| 25:37 | Create | Villager (Male) |
| 25:38 | Create | Villager (Male) |
| 25:58 | Create | Elephant Archer |
| 25:58 | Create | Elephant Archer |
| 26:43 | Build | Siege Workshop |
Build order — stupidspanky
First 150 of 412 actions detected
| 1:18 | Build | Dock |
| 1:41 | Create | Fishing Ship |
| 1:42 | Create | Fishing Ship |
| 2:03 | Build | Town Center |
| 2:27 | Build | House |
| 2:51 | Build | House |
| 3:12 | Build | House |
| 3:35 | Create | Villager (Male) |
| 3:36 | Create | Villager (Male) |
| 3:36 | Create | Villager (Male) |
| 3:36 | Create | Villager (Male) |
| 3:36 | Create | Villager (Male) |
| 4:25 | Create | Villager (Male) |
| 4:26 | Create | Villager (Male) |
| 4:39 | Build | House |
| 4:43 | Create | Fishing Ship |
| 4:43 | Create | Fishing Ship |
| 5:32 | Create | Villager (Male) |
| 5:33 | Create | Villager (Male) |
| 5:33 | Create | Villager (Male) |
| 5:33 | Create | Villager (Male) |
| 5:47 | Build | House |
| 5:58 | Create | Fishing Ship |
| 6:33 | Research | Loom |
| 7:02 | Create | Fishing Ship |
| 7:03 | Create | Fishing Ship |
| 7:25 | Create | Villager (Male) |
| 7:26 | Create | Villager (Male) |
| 7:26 | Create | Villager (Male) |
| 7:26 | Create | Villager (Male) |
| 7:50 | Build | Dock |
| 8:16 | Build | Mining Camp |
| 8:21 | Create | Fishing Ship |
| 8:25 | Create | Villager (Male) |
| 8:25 | Create | Villager (Male) |
| 8:48 | Create | Villager (Male) |
| 8:48 | Create | Villager (Male) |
| 8:57 | Create | Fishing Ship |
| 9:01 | Create | Fishing Ship |
| 9:27 | Create | Fishing Ship |
| 10:22 | Research | Feudal Age |
| 10:31 | Create | Fishing Ship |
| 10:40 | Build | House |
| 10:41 | Build | House |
| 11:29 | Build | Mining Camp |
| 11:56 | Create | Villager (Male) |
| 11:57 | Create | Villager (Male) |
| 12:19 | Create | Fishing Ship |
| 12:32 | Age | Feudal Age |
| 12:52 | Build | Blacksmith |
| 13:09 | Build | Mill |
| 13:17 | Create | Villager (Male) |
| 13:33 | Build | House |
| 13:59 | Create | Villager (Male) |
| 14:11 | Build | Market |
| 14:24 | Create | Villager (Male) |
| 14:25 | Create | Villager (Male) |
| 15:14 | Build | House |
| 15:44 | Research | Castle Age |
| 16:46 | Build | Barracks |
| 17:28 | Research | Town Watch |
| 17:31 | Create | Villager (Male) |
| 17:32 | Create | Villager (Male) |
| 17:46 | Build | Stable |
| 18:24 | Age | Castle Age |
| 18:29 | Create | Monk |
| 18:48 | Build | Castle |
| 18:57 | Create | Villager (Male) |
| 18:57 | Create | Villager (Male) |
| 18:58 | Create | Villager (Male) |
| 19:23 | Build | Town Center |
| 19:41 | Research | Bloodlines |
| 19:42 | Research | Husbandry |
| 20:03 | Research | Tech 906 |
| 20:19 | Build | Lumber Camp |
| 20:40 | Research | Horse Collar |
| 20:43 | Create | Villager (Male) |
| 20:44 | Create | Villager (Male) |
| 20:50 | Build | Farm |
| 20:51 | Build | Farm |
| 20:52 | Build | Farm |
| 20:54 | Build | Farm |
| 20:55 | Build | Farm |
| 20:56 | Build | Farm |
| 21:18 | Create | Villager (Male) |
| 21:19 | Create | Villager (Male) |
| 21:19 | Create | Villager (Male) |
| 21:19 | Create | Villager (Male) |
| 21:42 | Build | House |
| 21:44 | Build | House |
| 21:49 | Build | House |
| 21:58 | Research | Wheelbarrow |
| 22:02 | Create | Conquistador ×5 |
| 22:02 | Create | Conquistador ×5 |
| 22:02 | Create | Conquistador |
| 22:52 | Create | Villager (Male) |
| 22:52 | Create | Villager (Male) |
| 22:52 | Create | Villager (Male) |
| 22:59 | Build | Farm |
| 23:00 | Build | Farm |
| 23:01 | Build | Farm |
| 23:02 | Build | Farm |
| 23:03 | Build | Farm |
| 23:09 | Create | Conquistador ×4 |
| 23:09 | Create | Conquistador ×4 |
| 23:29 | Create | Villager (Male) |
| 23:29 | Create | Villager (Male) |
| 23:36 | Build | Farm |
| 23:37 | Build | Farm |
| 23:38 | Build | Farm |
| 23:40 | Build | Farm |
| 23:45 | Build | Farm |
| 23:52 | Create | Scout Cavalry |
| 23:57 | Create | Villager (Male) |
| 23:57 | Create | Villager (Male) |
| 24:01 | Create | Conquistador |
| 24:45 | Create | Conquistador |
| 24:48 | Create | Villager (Male) |
| 24:48 | Create | Villager (Male) |
| 24:48 | Create | Villager (Male) |
| 24:54 | Create | Villager (Male) |
| 24:55 | Create | Villager (Male) |
| 24:55 | Create | Villager (Male) |
| 24:55 | Create | Villager (Male) |
| 24:56 | Create | Villager (Male) |
| 25:01 | Research | Double-Bit Axe |
| 26:39 | Create | Conquistador |
| 26:40 | Create | Conquistador |
| 26:47 | Research | Padded Archer Armor |
| 27:52 | Create | Conquistador |
| 27:52 | Create | Conquistador |
| 27:53 | Create | Conquistador |
| 27:53 | Create | Conquistador |
| 28:01 | Research | Hand Cart |
| 28:05 | Create | Villager (Male) |
| 28:05 | Create | Villager (Male) |
| 28:05 | Create | Villager (Male) |
| 28:06 | Create | Villager (Male) |
| 28:06 | Create | Villager (Male) |
| 28:29 | Create | Conquistador |
| 28:30 | Create | Conquistador |
| 28:30 | Create | Conquistador |
| 30:08 | Build | Siege Workshop |
| 30:24 | Create | Villager (Male) |
| 30:24 | Create | Villager (Male) |
| 30:25 | Create | Villager (Male) |
| 30:25 | Create | Villager (Male) |
| 32:58 | Build | Stable |
| 32:59 | Build | Stable |
| 33:09 | Research | Imperial Age |
Build order — Hatsune_the_Triangle
First 150 of 1384 actions detected
| 0:18 | Build | House |
| 0:19 | Build | House |
| 0:22 | Build | House |
| 0:54 | Build | Dock |
| 2:55 | Build | Town Center |
| 3:12 | Create | Fishing Ship |
| 4:02 | Create | Villager (Male) |
| 4:03 | Create | Villager (Male) |
| 4:07 | Build | House |
| 4:08 | Build | House |
| 4:14 | Create | Villager (Male) |
| 4:36 | Create | Villager (Male) |
| 4:37 | Create | Villager (Male) |
| 4:37 | Create | Villager (Male) |
| 5:14 | Create | Fishing Ship |
| 5:58 | Create | Villager (Male) |
| 6:06 | Create | Fishing Ship |
| 6:41 | Create | Villager (Male) |
| 6:43 | Create | Fishing Ship |
| 7:24 | Create | Villager (Male) |
| 7:24 | Create | Fishing Ship |
| 7:53 | Build | Dock |
| 7:57 | Create | Villager (Male) |
| 7:58 | Create | Villager (Male) |
| 8:13 | Create | Villager (Male) |
| 8:38 | Create | Fishing Ship |
| 8:41 | Create | Fishing Ship |
| 9:08 | Create | Villager (Male) |
| 9:27 | Create | Fishing Ship |
| 9:51 | Research | Feudal Age |
| 9:51 | Research | Feudal Age |
| 10:04 | Build | Mill |
| 10:20 | Create | Fishing Ship |
| 10:36 | Create | Fishing Ship |
| 11:23 | Create | Fishing Ship |
| 11:25 | Create | Fishing Ship |
| 11:41 | Build | Dock |
| 11:59 | Create | Villager (Male) |
| 12:01 | Age | Feudal Age |
| 12:08 | Research | Double-Bit Axe |
| 12:12 | Create | Unit 2626 |
| 12:25 | Create | Unit 2626 |
| 12:36 | Create | Galley |
| 12:39 | Create | Villager (Male) |
| 12:39 | Create | Villager (Male) |
| 13:11 | Build | Blacksmith |
| 13:39 | Create | Unit 2626 |
| 13:40 | Create | Galley |
| 13:41 | Create | Villager (Male) |
| 13:41 | Create | Villager (Male) |
| 13:46 | Research | Fletching |
| 13:46 | Research | Forging |
| 14:05 | Build | Market |
| 14:38 | Create | Galley |
| 14:39 | Create | Villager (Male) |
| 15:09 | Build | Mining Camp |
| 15:38 | Create | Fire Galley |
| 15:39 | Create | Unit 2626 |
| 15:54 | Create | Unit 2626 |
| 16:06 | Create | Villager (Male) |
| 16:06 | Create | Villager (Male) |
| 16:06 | Create | Villager (Male) |
| 16:09 | Create | Galley |
| 16:09 | Create | Unit 2626 |
| 16:10 | Create | Fire Galley |
| 16:28 | Build | Lumber Camp |
| 16:38 | Build | House |
| 16:39 | Build | House |
| 16:40 | Build | House |
| 16:40 | Build | House |
| 16:41 | Build | House |
| 17:07 | Create | Galley |
| 17:08 | Create | Unit 2626 |
| 17:09 | Create | Villager (Male) |
| 17:09 | Create | Villager (Male) |
| 17:20 | Build | Dock |
| 18:12 | Create | Galley |
| 18:13 | Create | Unit 2626 |
| 18:13 | Create | Fire Galley |
| 18:14 | Create | Unit 2626 |
| 18:15 | Create | Galley |
| 18:16 | Create | Fire Galley |
| 18:23 | Build | Dock |
| 18:56 | Build | Dock |
| 19:00 | Build | Dock |
| 19:06 | Create | Galley |
| 19:26 | Create | Fire Galley |
| 19:26 | Create | Unit 2626 |
| 19:27 | Create | Galley |
| 19:43 | Research | Castle Age |
| 19:49 | Create | Fire Galley |
| 19:50 | Create | Unit 2626 |
| 19:50 | Create | Galley |
| 20:22 | Create | Fire Galley |
| 20:22 | Create | Fire Galley |
| 20:29 | Create | Galley |
| 20:30 | Create | Galley |
| 20:45 | Create | Galley |
| 20:45 | Create | Galley |
| 20:45 | Create | Galley |
| 20:56 | Create | Villager (Male) |
| 20:58 | Create | Villager (Male) |
| 21:00 | Research | Tech 906 |
| 21:30 | Create | Fishing Ship |
| 21:30 | Create | Fishing Ship |
| 21:57 | Create | Fishing Ship ×5 |
| 22:23 | Age | Castle Age |
| 22:31 | Research | War Galley (upgrade) |
| 22:54 | Research | Iron Casting |
| 22:58 | Research | Gillnets |
| 23:11 | Create | Villager (Male) |
| 23:11 | Create | Villager (Male) |
| 23:18 | Build | Town Center |
| 23:21 | Create | Villager (Male) |
| 23:30 | Create | Longboat |
| 23:30 | Create | Longboat |
| 24:17 | Create | Longboat |
| 24:17 | Create | Longboat |
| 24:18 | Create | Villager (Male) |
| 24:18 | Create | Villager (Male) |
| 24:26 | Create | Villager (Male) |
| 24:28 | Create | Villager (Male) |
| 24:33 | Create | Fishing Ship ×3 |
| 24:46 | Create | Monk |
| 25:16 | Create | Villager (Male) |
| 25:17 | Create | Villager (Male) |
| 25:17 | Create | Villager (Male) |
| 25:31 | Build | Castle |
| 25:35 | Create | Monk |
| 25:40 | Create | Villager (Male) |
| 25:56 | Create | Villager (Male) |
| 25:56 | Create | Villager (Male) |
| 26:10 | Create | Monk |
| 26:11 | Create | Monk |
| 26:41 | Build | Mining Camp |
| 26:47 | Create | Villager (Male) |
| 27:09 | Research | Gold Mining |
| 27:10 | Research | Stone Mining |
| 27:12 | Create | Fishing Ship ×5 |
| 27:12 | Create | Fishing Ship ×5 |
| 27:12 | Create | Fishing Ship ×5 |
| 27:12 | Create | Fishing Ship ×3 |
| 27:31 | Build | Mining Camp |
| 29:15 | Research | Imperial Age |
| 29:28 | Create | Fishing Ship ×5 |
| 29:31 | Create | Fishing Ship ×5 |
| 29:37 | Build | Fish Trap |
| 29:56 | Build | Barracks |
| 30:00 | Research | Bow Saw |
| 30:37 | Build | Barracks |
Build order — SP
First 150 of 717 actions detected
| 4:46 | Build | Town Center |
| 5:28 | Create | Villager (Male) ×3 |
| 5:37 | Build | House |
| 5:46 | Research | Loom |
| 5:47 | Research | Loom |
| 5:54 | Create | Villager (Male) |
| 5:54 | Create | Villager (Male) |
| 5:54 | Create | Villager (Male) |
| 6:33 | Create | Villager (Male) |
| 6:33 | Create | Villager (Male) |
| 6:54 | Build | Lumber Camp |
| 6:59 | Create | Villager (Male) |
| 7:00 | Create | Villager (Male) |
| 7:07 | Build | House |
| 8:12 | Create | Villager (Male) |
| 9:06 | Create | Villager (Male) |
| 9:12 | Build | Mill |
| 9:56 | Research | Feudal Age |
| 9:56 | Research | Feudal Age |
| 11:15 | Build | House |
| 11:22 | Build | Barracks |
| 11:37 | Create | Villager (Male) |
| 11:39 | Build | Barracks |
| 12:06 | Age | Feudal Age |
| 12:26 | Create | Villager (Male) |
| 12:38 | Build | Archery Range |
| 12:41 | Build | Archery Range |
| 12:44 | Research | Double-Bit Axe |
| 12:52 | Create | Villager (Male) |
| 13:01 | Build | House |
| 13:07 | Research | Horse Collar |
| 13:11 | Create | Villager (Male) |
| 13:26 | Build | Farm |
| 13:33 | Build | Farm |
| 13:44 | Create | Archer |
| 13:44 | Create | Archer |
| 13:45 | Create | Villager (Male) |
| 13:52 | Build | Farm |
| 14:00 | Build | House |
| 14:02 | Create | Villager (Male) |
| 14:07 | Create | Archer |
| 14:07 | Create | Archer |
| 14:23 | Create | Archer |
| 14:28 | Create | Villager (Male) |
| 14:31 | Build | House |
| 14:50 | Build | Farm |
| 14:52 | Create | Villager (Male) |
| 14:53 | Create | Archer |
| 14:53 | Create | Archer |
| 15:05 | Create | Villager (Male) |
| 15:19 | Build | Palisade Wall |
| 15:23 | Create | Villager (Male) |
| 15:23 | Create | Archer |
| 15:24 | Create | Archer |
| 15:52 | Build | Blacksmith |
| 15:58 | Create | Villager (Male) |
| 16:01 | Build | Farm |
| 16:05 | Create | Archer |
| 16:17 | Build | House |
| 16:19 | Create | Archer |
| 16:26 | Build | Farm |
| 16:32 | Create | Villager (Male) |
| 16:53 | Build | House |
| 16:55 | Create | Archer |
| 17:13 | Create | Villager (Male) |
| 17:16 | Build | Farm |
| 17:16 | Build | Farm |
| 17:21 | Build | Farm |
| 17:28 | Build | House |
| 17:30 | Create | Archer |
| 17:32 | Create | Archer |
| 17:33 | Create | Villager (Male) |
| 17:41 | Build | Farm |
| 17:52 | Create | Villager (Male) |
| 18:03 | Build | House |
| 18:04 | Build | Palisade Wall |
| 18:06 | Create | Archer |
| 18:06 | Create | Archer |
| 18:25 | Create | Villager (Male) |
| 18:36 | Build | Mining Camp |
| 18:39 | Create | Archer |
| 18:39 | Create | Archer |
| 19:00 | Create | Villager (Male) |
| 19:26 | Create | Villager (Male) |
| 19:40 | Build | Lumber Camp |
| 19:47 | Create | Archer |
| 19:47 | Create | Archer |
| 19:47 | Create | Archer |
| 19:50 | Create | Villager (Male) |
| 20:07 | Build | House |
| 20:11 | Build | House |
| 20:32 | Build | House |
| 20:47 | Build | House |
| 21:07 | Create | Archer |
| 21:07 | Create | Archer |
| 21:13 | Build | Archery Range |
| 21:16 | Research | Castle Age |
| 21:16 | Research | Castle Age |
| 21:20 | Build | House |
| 21:37 | Create | Villager (Male) |
| 21:50 | Build | House |
| 22:06 | Research | Fletching |
| 22:06 | Research | Fletching |
| 22:21 | Build | Farm |
| 22:33 | Create | Skirmisher |
| 22:33 | Create | Skirmisher |
| 22:34 | Create | Skirmisher |
| 22:42 | Build | Farm |
| 22:50 | Build | Farm |
| 22:51 | Create | Skirmisher |
| 23:05 | Create | Skirmisher |
| 23:05 | Create | Skirmisher |
| 23:05 | Create | Skirmisher |
| 23:27 | Create | Skirmisher |
| 23:27 | Create | Skirmisher |
| 23:50 | Create | Skirmisher |
| 23:54 | Create | Villager (Male) |
| 23:56 | Age | Castle Age |
| 23:59 | Create | Villager (Male) |
| 24:03 | Build | Town Center |
| 24:07 | Research | Bow Saw |
| 24:11 | Create | Skirmisher ×2 |
| 25:01 | Research | Bodkin Arrow |
| 25:01 | Research | Bodkin Arrow |
| 25:24 | Create | Villager (Male) |
| 25:55 | Build | Farm |
| 25:55 | Build | Farm |
| 25:55 | Build | Farm |
| 25:56 | Build | Farm |
| 25:56 | Build | Farm |
| 25:56 | Build | Farm |
| 26:02 | Research | Crossbowman (upgrade) |
| 26:03 | Research | Crossbowman (upgrade) |
| 26:30 | Build | Town Center |
| 26:32 | Create | Villager (Male) |
| 26:32 | Create | Villager (Male) |
| 26:45 | Create | Villager (Male) |
| 26:55 | Build | Farm |
| 26:56 | Build | Farm |
| 26:58 | Create | Villager (Male) |
| 26:59 | Create | Villager (Male) |
| 27:03 | Create | Skirmisher |
| 27:03 | Create | Skirmisher ×2 |
| 27:18 | Create | Villager (Male) |
| 27:18 | Create | Villager (Male) |
| 27:29 | Create | Villager (Male) |
| 27:29 | Create | Villager (Male) |
| 27:29 | Create | Villager (Male) |
| 27:40 | Create | Villager (Male) |
| 27:43 | Build | Farm |
Build order — 2024eles
First 150 of 545 actions detected
| 0:22 | Build | Dock |
| 0:35 | Build | House |
| 0:36 | Build | House |
| 2:18 | Build | Town Center |
| 2:43 | Create | Fishing Ship |
| 3:15 | Create | Villager (Male) |
| 3:15 | Create | Villager (Male) |
| 3:15 | Create | Villager (Male) |
| 3:15 | Create | Villager (Male) |
| 3:26 | Create | Fishing Ship |
| 3:27 | Create | Fishing Ship |
| 4:08 | Build | House |
| 4:10 | Create | Villager (Male) |
| 4:10 | Create | Villager (Male) |
| 4:17 | Create | Fishing Ship |
| 4:17 | Create | Fishing Ship |
| 4:40 | Create | Fishing Ship |
| 4:40 | Create | Fishing Ship |
| 4:41 | Create | Villager (Male) |
| 4:42 | Create | Villager (Male) |
| 5:06 | Create | Villager (Male) |
| 5:06 | Create | Villager (Male) |
| 5:06 | Create | Villager (Male) |
| 5:06 | Create | Villager (Male) |
| 5:06 | Create | Villager (Male) |
| 5:20 | Build | House |
| 5:22 | Create | Villager (Male) |
| 5:22 | Create | Villager (Male) |
| 5:28 | Create | Fishing Ship |
| 5:28 | Create | Fishing Ship |
| 5:39 | Build | House |
| 5:43 | Create | Villager (Male) |
| 5:44 | Create | Villager (Male) |
| 5:56 | Research | Loom |
| 5:56 | Research | Loom |
| 6:03 | Create | Villager (Male) |
| 6:03 | Create | Villager (Male) |
| 6:03 | Create | Villager (Male) |
| 6:09 | Create | Fishing Ship |
| 6:09 | Create | Fishing Ship |
| 6:28 | Create | Villager (Male) |
| 6:28 | Create | Villager (Male) |
| 6:29 | Create | Villager (Male) |
| 6:48 | Create | Villager (Male) |
| 6:48 | Create | Villager (Male) |
| 6:52 | Build | House |
| 7:09 | Create | Villager (Male) |
| 7:09 | Create | Villager (Male) |
| 7:22 | Create | Villager (Male) |
| 7:23 | Create | Villager (Male) |
| 7:30 | Create | Fishing Ship |
| 7:30 | Create | Fishing Ship |
| 7:30 | Create | Fishing Ship |
| 7:45 | Create | Villager (Male) |
| 7:46 | Create | Villager (Male) |
| 8:21 | Build | House |
| 8:22 | Build | House |
| 8:28 | Create | Villager (Male) |
| 8:28 | Create | Villager (Male) |
| 8:28 | Create | Villager (Male) |
| 8:57 | Build | Mill |
| 9:17 | Build | Mining Camp |
| 9:25 | Create | Villager (Male) |
| 9:40 | Research | Feudal Age |
| 9:40 | Research | Feudal Age |
| 10:43 | Build | Dock |
| 10:52 | Build | Mining Camp |
| 12:05 | Age | Feudal Age |
| 12:09 | Create | Villager (Male) |
| 12:09 | Create | Villager (Male) |
| 12:27 | Build | Market |
| 12:38 | Build | Blacksmith |
| 12:50 | Build | House |
| 13:03 | Build | Stone Wall |
| 13:36 | Research | Castle Age |
| 13:36 | Research | Castle Age |
| 14:05 | Research | Stone Mining |
| 14:06 | Research | Gold Mining |
| 14:06 | Research | Gold Mining |
| 14:14 | Build | Lumber Camp |
| 14:22 | Create | Fishing Ship |
| 14:25 | Research | Tech 906 |
| 15:02 | Build | Outpost |
| 15:11 | Research | Double-Bit Axe |
| 15:27 | Create | Fishing Ship |
| 15:27 | Create | Fishing Ship |
| 16:16 | Age | Castle Age |
| 16:22 | Build | Castle |
| 16:27 | Research | Fletching |
| 16:28 | Research | Fletching |
| 16:31 | Research | Gillnets |
| 16:31 | Research | Gillnets |
| 16:42 | Research | Bow Saw |
| 17:09 | Build | Town Center |
| 17:25 | Create | Fishing Ship |
| 17:26 | Create | Fishing Ship |
| 17:32 | Create | Villager (Male) |
| 17:32 | Create | Villager (Male) |
| 17:52 | Create | War Wagon |
| 17:59 | Create | Villager (Male) |
| 18:38 | Create | War Wagon |
| 18:53 | Create | War Wagon |
| 19:49 | Build | Dock |
| 19:52 | Create | Villager (Male) |
| 19:52 | Create | Villager (Male) |
| 19:53 | Create | Villager (Male) |
| 20:06 | Build | University |
| 20:21 | Create | War Wagon |
| 20:21 | Create | War Wagon |
| 20:47 | Create | Villager (Male) |
| 21:16 | Build | Lumber Camp |
| 21:27 | Create | War Wagon |
| 21:44 | Research | Ballistics |
| 21:52 | Create | Villager (Male) |
| 22:04 | Create | War Wagon |
| 22:10 | Research | Bodkin Arrow |
| 22:11 | Research | Bodkin Arrow |
| 22:54 | Create | War Wagon |
| 22:54 | Create | War Wagon |
| 23:09 | Create | Fishing Ship |
| 23:09 | Create | Fishing Ship |
| 23:09 | Create | Fishing Ship |
| 23:09 | Create | Fishing Ship |
| 23:10 | Create | Fishing Ship |
| 23:18 | Build | Dock |
| 23:21 | Create | Villager (Male) |
| 23:22 | Create | Villager (Male) |
| 23:52 | Create | War Wagon |
| 23:53 | Create | War Wagon |
| 23:53 | Create | War Wagon |
| 24:30 | Create | War Wagon |
| 25:07 | Create | War Wagon |
| 25:07 | Create | War Wagon |
| 25:14 | Create | Fishing Ship |
| 25:15 | Create | Fishing Ship |
| 25:15 | Create | Fishing Ship |
| 25:21 | Create | Fishing Ship |
| 25:21 | Create | Fishing Ship |
| 25:22 | Create | Fishing Ship |
| 25:22 | Create | Fishing Ship |
| 25:22 | Create | Fishing Ship |
| 25:22 | Create | Fishing Ship |
| 25:38 | Build | Castle |
| 26:06 | Create | Villager (Male) |
| 26:16 | Build | Market |
| 27:04 | Research | Wheelbarrow |
| 27:04 | Research | Wheelbarrow |
| 27:10 | Research | Imperial Age |
| 27:11 | Research | Imperial Age |
| 27:25 | Create | War Wagon |
Match timeline
| 0:22 | 2024eles · first_building Dock |
| 0:24 | Perel · first_building Dock |
| 0:54 | Hatsune_the_Triangle · first_building Dock |
| 1:13 | Wilko · first_building Dock |
| 1:18 | stupidspanky · first_building Dock |
| 8:41 | Perel · wall_segment Palisade Wall x8 |
| 9:10 | Perel · wall_segment Palisade Wall x1 |
| 9:11 | Perel · wall_segment Palisade Wall x1 |
| 9:12 | Perel · wall_segment Palisade Wall x1 |
| 9:21 | Perel · wall_segment Palisade Wall x1 |
| 10:13 | Perel · first_building Barracks |
| 10:24 | Perel · wall_segment Palisade Wall x1 |
| 11:12 | Wilko · age_up feudal |
| 11:22 | SP · first_building Barracks |
| 11:52 | Perel · age_up feudal |
| 11:58 | Perel · first_building Archery Range |
| 12:01 | Hatsune_the_Triangle · age_up feudal |
| 12:05 | 2024eles · age_up feudal |
| 12:06 | SP · age_up feudal |
| 12:32 | stupidspanky · age_up feudal |
| 12:38 | Perel · wall_segment Palisade Wall x1 |
| 12:38 | SP · first_building Archery Range |
| 12:42 | Perel · wall_segment Palisade Wall x10 |
| 13:03 | 2024eles · wall_segment Stone Wall x3 |
| 15:19 | SP · wall_segment Palisade Wall x5 |
| 15:58 | Hatsune_the_Triangle · first_market_sell 500 food |
| 16:04 | Hatsune_the_Triangle · first_market_buy 100 wood |
| 16:07 | stupidspanky · first_market_sell 100 wood |
| 16:16 | 2024eles · age_up castle |
| 16:22 | 2024eles · first_building Castle |
| 16:46 | stupidspanky · first_building Barracks |
| 17:46 | stupidspanky · first_building Stable |
| 18:00 | Wilko · first_market_sell 100 wood |
| 18:04 | SP · wall_segment Palisade Wall x1 |
| 18:24 | stupidspanky · age_up castle |
| 18:28 | Perel · age_up castle |
| 18:48 | stupidspanky · first_building Castle |
| 19:17 | stupidspanky · first_market_buy 100 stone |
| 19:24 | Perel · wall_segment Stone Wall x14 |
| 20:28 | Wilko · age_up castle |
| 22:23 | Hatsune_the_Triangle · age_up castle |
| 23:49 | Wilko · first_building Castle |
| 23:56 | SP · age_up castle |
| 24:53 | Perel · first_market_sell 100 wood |
| 25:01 | Perel · first_market_buy 100 food |
| 25:31 | Hatsune_the_Triangle · first_building Castle |
| 25:35 | Perel · first_building Castle |
| 26:43 | Perel · first_building Siege Workshop |
| 29:07 | Wilko · first_building Siege Workshop |
| 29:56 | Hatsune_the_Triangle · first_building Barracks |
| 30:08 | stupidspanky · first_building Siege Workshop |
| 30:20 | 2024eles · age_up imperial |
| 31:28 | 2024eles · first_building Siege Workshop |
| 32:25 | Hatsune_the_Triangle · age_up imperial |
| 32:45 | SP · first_building Castle |
| 33:04 | Perel · wall_segment Stone Wall x6 |
| 33:22 | SP · first_building Monastery |
| 34:26 | Perel · first_building Stable |
| 35:16 | Perel · wall_segment Stone Wall x5 |
| 36:19 | stupidspanky · age_up imperial |
| 38:28 | Wilko · first_market_buy 100 stone |
| 39:17 | Wilko · age_up imperial |
| 39:26 | Perel · age_up imperial |
| 43:02 | SP · age_up imperial |
| 45:46 | 2024eles · first_building Barracks |
| 46:07 | 2024eles · first_building Monastery |
| 48:48 | 2024eles · first_building Stable |
| 49:00 | stupidspanky · first_building Monastery |
| 52:53 | SP · wall_segment Stone Wall x1 |
| 55:43 | SP · wall_segment Stone Wall x13 |
| 64:17 | Perel · wall_segment Stone Wall x10 |
| 65:05 | stupidspanky · tribute_sent a jugador 1 |
| 65:05 | stupidspanky · tribute_sent a jugador 3 |
| 65:05 | stupidspanky · tribute_sent a jugador 4 |
| 65:05 | stupidspanky · tribute_sent a jugador 5 |
| 65:05 | stupidspanky · tribute_sent a jugador 6 |
| 70:12 | SP · first_market_buy 100 stone |
| 70:45 | Wilko · first_building Barracks |
| 71:59 | Wilko · first_building Archery Range |
| 72:36 | stupidspanky · first_building Archery Range |
| 74:38 | Hatsune_the_Triangle · first_building Monastery |
| 74:53 | stupidspanky · tribute_sent a jugador 1 |
| 74:53 | stupidspanky · tribute_sent a jugador 3 |
| 74:53 | stupidspanky · tribute_sent a jugador 4 |
| 74:53 | stupidspanky · tribute_sent a jugador 5 |
| 74:53 | stupidspanky · tribute_sent a jugador 6 |
| 78:33 | Perel · wall_segment Stone Wall x1 |
| 79:50 | stupidspanky · tribute_sent a jugador 1 |
| 79:50 | stupidspanky · tribute_sent a jugador 3 |
| 79:50 | stupidspanky · tribute_sent a jugador 4 |
| 79:50 | stupidspanky · tribute_sent a jugador 5 |
| 79:50 | stupidspanky · tribute_sent a jugador 6 |
| 79:56 | Perel · tribute_sent a jugador 2 |
| 79:56 | Perel · tribute_sent a jugador 3 |
| 79:56 | Perel · tribute_sent a jugador 4 |
| 79:56 | Perel · tribute_sent a jugador 5 |
| 79:56 | Perel · tribute_sent a jugador 6 |
| 80:13 | Perel · first_building Monastery |
| 86:09 | 2024eles · resign |
[ AI ANALYSIS · 1 CREDIT ]
What really happened in this match?
Wolo.gg analyzes every decision: build order, eco, micro, common mistakes by bracket. Personalized analysis on WhatsApp or Discord in 30 seconds.
Civ guide
Italians
Perfil
Jugador #19384797